 Dungeon Crawl Stone Soup version 0.19-a0-1042-g77c37a1 (webtiles) character file.

28 JeffiDaFish the Firebug (level 2, 0/18 HPs)
             Began as a High Elf Fire Elementalist on July 30, 2016.
             Slain by Sigmund
             ... wielding a +0 scythe
              (13 damage)
             ... on level 2 of the Dungeon.
             The game lasted 00:06:27 (1246 turns).

JeffiDaFish the Firebug (HEFE)                      Turns: 1246, Time: 00:06:28

Health: 0/18       AC:  2    Str:  7    XL:     2   Next: 96%
Magic:  5/6        EV: 13    Int: 18    God:
Gold:   76         SH:  0    Dex: 15    Spells: 2 memorised, 3 levels left

rFire  . . .     SeeInvis .     k - +0 dagger
rCold  . . .     Gourm    .     a - +0 robe
rNeg   . . .     Faith    .     (no shield)
rPois  .         Spirit   .     (no helmet)
rElec  .         Dismiss  .     (no cloak)
rCorr  .         Reflect  .     (no gloves)
SustAt .         Harm     .     (no boots)
MR     .....                    (no amulet)
Stlth  +++.......               (no ring)
                                h - ring of stealth

@: not resistant to hostile enchantments, fairly stealthy
A: no striking features
a: no special abilities


You were on level 2 of the Dungeon.
You were not hungry.

You visited 1 branch of the dungeon, and saw 2 of its levels.

You collected 76 gold pieces.

Inventory:

Hand Weapons
 k - a +0 dagger (weapon)
Armour
 a - a +0 robe (worn)
Jewellery
 h - a ring of stealth (left hand)
 j - a cursed -3 ring of dexterity {unknown}
Scrolls
 e - a scroll of blinking {unknown}
 i - a scroll of teleportation {unknown}
Potions
 d - a potion of curing {unknown}
Books
 b - a book of Flames

   Spells                             Type                      Level
   a - Flame Tongue                   Conjuration/Fire             1
   b - Throw Flame                    Conjuration/Fire             2
   c - Conjure Flame                  Conjuration/Fire             3
   d - Inner Flame                    Hexes/Fire                   3
   e - Sticky Flame                   Conjuration/Fire             4
   f - Fireball                       Conjuration/Fire             5
Comestibles
 c - a bread ration
 f - a fruit
 g - 2 chunks of flesh


   Skills:
 + Level 0.4 Fighting
 + Level 2.9 Dodging
 + Level 2.2 Stealth
 + Level 0.1 Unarmed Combat
 + Level 2.6 Spellcasting
 + Level 1.2 Conjurations
 + Level 3.4 Fire Magic


You had 3 spell levels left.
You knew the following spells:

 Your Spells              Type           Power        Failure   Level  Hunger
a - Flame Tongue          Conj/Fire      ##...        10%         1    #......
b - Throw Flame           Conj/Fire      ##....       12%         2    ##.....


Dungeon Overview and Level Annotations

Branches:
Dungeon (2/15)

Altars:

Annotations:
D:2 Sigmund


Message History

Sigmund is moderately wounded.
Sigmund casts a spell.
Sigmund flickers and vanishes!
Deactivating autopickup; reactivate with Ctrl-A.
Casting: Throw Flame
Confirm with . or Enter, or press ? or * to list all spells.
You can't see any susceptible monsters within range! (Use Z to cast anyway.)
Casting: Throw Flame
Confirm with . or Enter, or press ? or * to list all spells.
You can't see any susceptible monsters within range! (Use Z to cast anyway.)
Casting: Throw Flame
Confirm with . or Enter, or press ? or * to list all spells.
You can't see any susceptible monsters within range! (Use Z to cast anyway.) No target in view!
No target in view!
You barely miss something. Something hits you.
You hit something but do no damage. You closely miss something.
Something hits you!
Ouch! That really hurt!
You die...

#.........##.....##....
#.##...##.###....###...
# #..$##.##.###.# ####
#.##..)......# #.#
........#.##.# #.
..(....#.# # ##.###.#.#
#. ##{#.# # #..@.#
#..........#
####....##.# >...<.[ #
#########


There were no monsters in sight!

Vanquished Creatures
  A dart slug (D:1)
  A giant gecko (D:2)
  2 bats (D:1)
  A giant cockroach (D:1)
  5 goblins
  2 hobgoblins (D:1)
  4 jackals (D:1)
  A kobold (D:1)
  2 ball pythons (D:1)
  2 rats (D:1)
21 creatures vanquished.

Notes
Turn   | Place    | Note
-------+----------+-------------------------------------------
     0 | D:1      | JeffiDaFish the High Elf Fire Elementalist began the quest for the Orb.
     0 | D:1      | Reached XP level 1. HP: 11/11 MP: 4/4
   550 | D:1      | Reached XP level 2. HP: 16/17 MP: 3/6
   561 | D:1      | Learned a level 2 spell: Throw Flame
  1234 | D:2      | Noticed Sigmund
  1246 | D:2      | Slain by Sigmund

Vault maps used:
D:1:      lightli_iron_boxes
D:2:      nicolae_overflow_crystal_walls, lemuel_round_altar, uniq_sigmund

Action                   || total
-------------------------++-------
Melee: Unarmed           ||    78
       Dagger            ||     7
 Cast: Flame Tongue      ||    16
       Throw Flame       ||     5
  Use: Scroll            ||     1
 Stab: Sleeping          ||     1
  Eat: Chunk             ||     1
Armor: Robe              ||    22
Dodge: Dodged            ||    85
